 Dungeon Crawl Stone Soup version 0.24-a0-7-g1bb0902 (webtiles) character file.

Game seed: 18342302864139576248

54 Mgcat the Insei (level 3, 0/24 HPs)
             Began as an Octopode Transmuter on Jan 30, 2019.
             Killed from afar by an orc wizard (7 damage)
             ... with a magic dart
             ... on level 3 of the Dungeon.
             The game lasted 00:03:13 (1551 turns).

Mgcat the Insei (Octopode Transmuter)               Turns: 1551, Time: 00:03:14

Health: 0/24       AC:  1    Str:  9    XL:     3   Next: 91%
Magic:  1/6        EV: 14    Int: 15    God:
Gold:   97         SH:  0    Dex: 13    Spells: 0/6 levels left

rFire    . . .     SeeInvis .     - Unarmed
rCold    . . .     Gourm    .   (no shield)
rNeg     . . .     Faith    .   (helmet restricted)
rPois    .         Spirit   .   (no amulet)
rElec    .         Reflect  .   e - ring of teleportation (curse) {+/*tele, !d}
rCorr    .         Harm     .   (no ring)
MR       .....     Rnd*Tele +   (no ring)
Stlth    +++.......             (no ring)
HPRegen  0.08/turn              (no ring)
MPRegen  0.10/turn              (no ring)
                                (no ring)
                                (no ring)

@: very slightly contaminated
A: almost no armour, stealthy swim, amphibious, 8 rings, constrict 8, camouflage
1, gelatinous body 1
a: no special abilities


You were on level 3 of the Dungeon.
You were not hungry.

You visited 1 branch of the dungeon, and saw 3 of its levels.

You collected 97 gold pieces.

Inventory:

Missiles
 a - 87 arrows
Jewellery
 e - a cursed ring of teleportation (left tentacle) {+/*tele, !d}
   (You found it on level 1 of the Dungeon)
Wands
 b - a wand of disintegration (7)
   (You found it on level 2 of the Dungeon)
 h - a wand of polymorph (8)
   (You found it on level 2 of the Dungeon)
Scrolls
 d - a scroll of remove curse {unknown}
 f - 3 scrolls of teleportation {unknown}
 j - a scroll of magic mapping {unknown}
 l - a scroll of identify {unknown}
Potions
 g - a potion of agility {unknown}
 i - a potion of haste {unknown}
Comestibles
 c - 2 rations
 k - 2 chunks of flesh {@w0}


   Skills:
 + Level 1.7 Fighting
 + Level 2.5 Dodging
 + Level 2.0 Stealth
 + Level 3.3 Unarmed Combat
 - Level 2.0 Spellcasting
 + Level 2.4 Transmutations
 + Level 0.6 Poison Magic


You couldn't memorise any spells.
You knew the following spells:

 Your Spells              Type           Power        Failure   Level  Hunger
a - Beastly Appendage     Tmut           #.....       9%          1    #......
b - Sticks to Snakes      Tmut           #.......     12%         2    ###....
c - Spider Form           Tmut/Pois      #.........   34%         3    ###....

Your spell library contained the following spells:

 Spells                   Type           Power        Failure   Level  Hunger
 Ice Form                 Ice/Tmut       #.......     80%         4    #####..
 Blade Hands              Tmut           #.........   92%         5    ######.


Dungeon Overview and Level Annotations

Branches:
Dungeon (3/15)

Altars:


Innate Abilities, Weirdness & Mutations

You cannot wear most types of armour.
You are very stealthy in the water. (Stealth+)
You are amphibious.
You can wear up to eight rings at the same time.
You can use your tentacles to constrict eight enemies at once.
Your skin changes colour to match your surroundings (Stealth+).
Your rubbery body absorbs attacks. (AC +1, EV +1)


Message History

A gnoll comes into view. It is wielding a +0 club.
Spoiler Alert: The gnoll (wandering) can hit for moderate damage in melee, and throws nets!
A gnoll comes into view. It is wielding a +0 spear.
Lua error: [string "/dgldir/rcfiles/crawl-git/Mgcat.rc"]:926: invalid capture index Unknown command.
Lua error: [string "/dgldir/rcfiles/crawl-git/Mgcat.rc"]:926: invalid capture index The gnoll shouts!
Lua error: [string "/dgldir/rcfiles/crawl-git/Mgcat.rc"]:926: invalid capture index Unknown command.
Warning x2: The gnoll (wandering) can hit for moderate damage in melee, and throws nets!
The gnoll can hit for moderate damage in melee, and throws nets!
Unknown command.
Lua error: [string "/dgldir/rcfiles/crawl-git/Mgcat.rc"]:926: invalid capture index Lua error: [string "/dgldir/rcfiles/crawl-git/Mgcat.rc"]:926: invalid capture index Unknown command.
Lua error: [string "/dgldir/rcfiles/crawl-git/Mgcat.rc"]:926: invalid capture index Unknown command.
Warning x2: The gnoll (wandering) can hit for moderate damage in melee, and throws nets!
The gnoll can hit for moderate damage in melee, and throws nets!
Unknown command.
Unknown command.
Unknown command.
Your transformation has ended.
Spoiler Alert: The orc wizard (wandering) might cast Slow, Confuse, Throw Flame, Throw Frost, or go Invisible!
Casting: Spider Form (safe; 34% risk of failure)
Confirm with . or Enter, or press ? or * to list all spells.
You miscast Spider Form.
You are very lightly contaminated with residual magic.
Multicoloured lights dance before your eyes!
The orc wizard shouts!
You now have 1/6 mp.
Warning x2: The gnoll can hit for moderate damage in melee, and throws nets!
The orc wizard might cast Slow, Confuse, Throw Flame, Throw Frost, or go Invisible!
Unknown command.
Warning x2: The gnoll can hit for moderate damage in melee, and throws nets!
The orc wizard might cast Slow, Confuse, Throw Flame, Throw Frost, or go Invisible!
Unknown command.
Warning x2: The gnoll can hit for moderate damage in melee, and throws nets!
The orc wizard might cast Slow, Confuse, Throw Flame, Throw Frost, or go Invisible!
Casting: Spider Form (safe; 34% risk of failure)
Confirm with . or Enter, or press ? or * to list all spells.
You don't have enough magic to cast that spell.
Warning x2: The gnoll can hit for moderate damage in melee, and throws nets!
The orc wizard might cast Slow, Confuse, Throw Flame, Throw Frost, or go Invisible!
Warning x2: The gnoll can hit for moderate damage in melee, and throws nets!
The orc wizard might cast Slow, Confuse, Throw Flame, Throw Frost, or go Invisible!
Unknown command.
Warning x2: The gnoll can hit for moderate damage in melee, and throws nets!
The orc wizard might cast Slow, Confuse, Throw Flame, Throw Frost, or go Invisible!
Unknown command.
Warning x2: The gnoll can hit for moderate damage in melee, and throws nets!
The orc wizard might cast Slow, Confuse, Throw Flame, Throw Frost, or go Invisible!
The orc wizard hits you with a +0 dagger of speed.
You take 2 damage, and have 22/24 hp.
Warning x2: The gnoll can hit for moderate damage in melee, and throws nets!
The orc wizard might cast Slow, Confuse, Throw Flame, Throw Frost, or go Invisible!
Unknown command.
Warning x2: The gnoll can hit for moderate damage in melee, and throws nets!
The orc wizard might cast Slow, Confuse, Throw Flame, Throw Frost, or go Invisible!
Unknown command.
Warning x2: The gnoll can hit for moderate damage in melee, and throws nets!
The orc wizard might cast Slow, Confuse, Throw Flame, Throw Frost, or go Invisible!
Unknown command.
Warning x2: The gnoll can hit for moderate damage in melee, and throws nets!
The orc wizard might cast Slow, Confuse, Throw Flame, Throw Frost, or go Invisible!
You closely miss the orc wizard. Your grab misses the orc wizard.
The orc wizard casts a spell at you. You resist with significant effort.
Warning x2: The gnoll can hit for moderate damage in melee, and throws nets!
The orc wizard might cast Slow, Confuse, Throw Flame, Throw Frost, or go Invisible!
Unknown command.
Warning x2: The gnoll can hit for moderate damage in melee, and throws nets!
The orc wizard might cast Slow, Confuse, Throw Flame, Throw Frost, or go Invisible!
Unknown command.
Warning x2: The gnoll can hit for moderate damage in melee, and throws nets!
The orc wizard might cast Slow, Confuse, Throw Flame, Throw Frost, or go Invisible!
You tentacle-slap the orc wizard but do no damage.
Your grab misses the orc wizard. Your squeeze misses the orc wizard.
The orc wizard closely misses you.
Warning x2: The gnoll can hit for moderate damage in melee, and throws nets!
The orc wizard might cast Slow, Confuse, Throw Flame, Throw Frost, or go Invisible!
Unknown command.
Warning x2: The gnoll can hit for moderate damage in melee, and throws nets!
The orc wizard might cast Slow, Confuse, Throw Flame, Throw Frost, or go Invisible!
Unknown command.
Warning x2: The gnoll can hit for moderate damage in melee, and throws nets!
The orc wizard might cast Slow, Confuse, Throw Flame, Throw Frost, or go Invisible!
You tentacle-slap the orc wizard but do no damage.
You grab the orc wizard. You squeeze the orc wizard!
The orc wizard is heavily wounded.
You constrict the orc wizard. The orc wizard closely misses you.
The gnoll hits you from afar with a +0 spear.
You take 4 damage, and have 18/24 hp.
Warning x2: The gnoll can hit for moderate damage in melee, and throws nets!
The orc wizard might cast Slow, Confuse, Throw Flame, Throw Frost, or go Invisible!
Unknown command.
Warning x2: The gnoll can hit for moderate damage in melee, and throws nets!
The orc wizard might cast Slow, Confuse, Throw Flame, Throw Frost, or go Invisible!
Unknown command.
Warning x2: The gnoll can hit for moderate damage in melee, and throws nets!
The orc wizard might cast Slow, Confuse, Throw Flame, Throw Frost, or go Invisible!
You completely miss the orc wizard.
The orc wizard is heavily wounded.
You constrict the orc wizard, but do no damage.
The orc wizard closely misses you.
The gnoll hits you from afar with a +0 spear!
The orc wizard hits you with a +0 dagger of speed.
* * * LOW HITPOINT WARNING * * *
You take 11 damage, and have 7/24 hp.
MASSIVE DAMAGE!!
Warning x2: The gnoll can hit for moderate damage in melee, and throws nets!
The orc wizard might cast Slow, Confuse, Throw Flame, Throw Frost, or go Invisible!
Unknown command.
Warning x2: The gnoll can hit for moderate damage in melee, and throws nets!
The orc wizard might cast Slow, Confuse, Throw Flame, Throw Frost, or go Invisible!
Unknown command.
Warning x2: The gnoll can hit for moderate damage in melee, and throws nets!
The orc wizard might cast Slow, Confuse, Throw Flame, Throw Frost, or go Invisible!
Unknown command.
Warning x2: The gnoll can hit for moderate damage in melee, and throws nets!
The orc wizard might cast Slow, Confuse, Throw Flame, Throw Frost, or go Invisible!
You tentacle-slap the orc wizard.
The orc wizard is almost dead.
You constrict the orc wizard. The orc wizard casts a spell at you.
The magic dart hits you!
You die...

.....#.##########.........
#!...................###.#
$.g..............####.#
###.###g..........รท...# #
#.#######..###### #.# #..#
#.# #..# ##.###.#######..#
...........g.@o..#
###.###'#######..# #...
#..#<# ... .##... #.##.#
... #.##.... #.##.# ..#
#.##.... #.##.#
#.####.###.### #.##.# #...
... .. .# #.##.# #..# #.#
.#####.##.#########


You could see an orc wizard and a gnoll.

Vanquished Creatures
  A shadow imp (D:2)
  An ooze (D:3)
  2 leopard geckos
  2 orcs (D:3)
  A bat (D:3)
  3 giant cockroaches
  4 goblins
  3 hobgoblins
  2 jackals (D:3)
  5 kobolds
  A quokka (D:3)
  6 frilled lizards
  A leopard gecko zombie (D:2)
  6 rats
38 creatures vanquished.

Notes
Turn   | Place    | Note
-------+----------+-------------------------------------------
     0 | D:1      | Mgcat the Octopode Transmuter began the quest for the Orb.
     0 | D:1      | Reached XP level 1. HP: 13/13 MP: 3/3
   200 | D:1      | Reached XP level 2. HP: 17/18 MP: 5/5
   502 | D:2      | Reached skill level 1 in Stealth
   581 | D:2      | Reached XP level 3. HP: 16/23 MP: 6/6
   631 | D:2      | Found a faded altar of an unknown god.
   981 | D:2      | Learned a level 2 spell: Sticks to Snakes
   985 | D:2      | Learned a level 3 spell: Spider Form
  1448 | D:3      | Reached skill level 2 in Stealth
  1551 | D:3      | Killed from afar by an orc wizard

Vault maps used:
D:1:      dpeg_arrival_court, moated_statue, minmay_misc_feat_plants
D:2:      cheibrodos_helix_gallery, chequers_ecumenical_altar_simple,
          minmay_pentomino_q4

Skill      XL: |  1  2  3 |
---------------+----------+-----
Stealth        | 1 2 |  2.0
Fighting       | |  1.7
Dodging        | |  2.5
Unarmed Combat | |  3.3
Spellcasting   | |  2.0
Transmutations | |  2.4
Poison Magic   | |  0.6

Action                   || total
-------------------------++-------
Melee: Unarmed           ||    83
       Constrict         ||    20
       Tentacles         ||    21
       Punch             ||     2
 Cast: Spider Form       ||     1
 Stab: Sleeping          ||     8
  Eat: Chunk             ||     2
Armor: Skin              ||     2
Dodge: Dodged            ||    43

Table legend:
 A = Non-vault XP
 B = Vault XP
 C = Vault XP percentage of total XP
 D = Non-vault monster count
 E = Vault monster count
 F = Vault count percentage of total count
                 A         B        C        D         E       F
            +---------+---------+-------+---------+---------+-------
      Total |      70 |       8 |  10.3 |      33 |       5 |  13.2
            +---------+---------+-------+---------+---------+-------
        D:1 |      11 |       0 |   0.0 |       8 |       0 |   0.0
        D:2 |      28 |       8 |  22.2 |      11 |       5 |  31.2
        D:3 |      31 |       0 |   0.0 |      14 |       0 |   0.0
            +---------+---------+-------+---------+---------+-------

Vault maps used:
D:1:      dpeg_arrival_court, moated_statue, minmay_misc_feat_plants
D:2:      cheibrodos_helix_gallery, chequers_ecumenical_altar_simple,
          minmay_pentomino_q4

Table legend:
 A = Turns spent in this place as a percentage of turns spent in the entire game.
 B = Non-inter-level travel turns spent in this place as a percentage of non-inter-level travel turns spent in the entire game.
 C = Inter-level travel turns spent in this place as a percentage of turns spent in this place.
 D = Turns resting spent in this place as a percentage of non-inter-level travel turns spent in this place.
 E = Turns spent auto-exploring this place as a percentage of non-inter-level travel turns spent in this place.
 F = Non-inter-level travel turns spent in this place divided by the number of levels of this place that you've seen.
                   A       B       C       D       E      F
               +-------+-------+-------+-------+-------+----------------------
         Total | 100.0 | 100.0 |   9.8 |   3.2 |  78.2 | 466.3
       Dungeon | 100.0 | 100.0 |   9.8 |   3.2 |  78.2 | 466.3
               +-------+-------+-------+-------+-------+----------------------

Table legend:
 A = Kills in this place as a percentage of kills in entire the game.
 B = Kills by you in this place as a percentage of kills by you in the entire game.
 C = Kills by friends in this place as a percentage of kills by friends in the entire game.
 D = Other kills in this place as a percentage of other kills in the entire game.
 E = Experience gained in this place as a percentage of experience gained in the entire game.
 F = Experience gained in this place divided by the number of levels of this place that you have seen.
                   A       B       C       D       E      F
               +-------+-------+-------+-------+-------+----------------------
         Total | 100.0 | 100.0 |   N/A |   N/A | 100.0 |  26.0
       Dungeon | 100.0 | 100.0 |   N/A |   N/A | 100.0 |  26.0
               +-------+-------+-------+-------+-------+----------------------
